 Dungeon Crawl Stone Soup version 0.17-a0-1731-g129c023 (webtiles) character file.

95 Gargoyl the Skirmisher (level 4, -13/37 HPs)
             Began as a Demonspawn Abyssal Knight on Aug 29, 2015.
             Was a Follower of Lugonu.
             Mangled by an orc warrior
             ... wielding a +0 glaive
              (23 damage)
             ... on level 3 of the Dungeon.
             The game lasted 00:06:14 (3768 turns).

Gargoyl the Skirmisher (Demonspawn Abyssal Knight)  Turns: 3768, Time: 00:06:14

Health: -13/37     AC:  3    Str: 14    XL:     4   Next: 39%
Magic:  0/6        EV: 11    Int: 13    God:    Lugonu [*.....]
Gold:   152        SH:  1    Dex: 12    Spells: 0 memorised, 3 levels left

rFire  . . .     SeeInvis .     a - +1 hand axe
rCold  . . .     Clarity  .     b - +0 leather armour
rNeg   . . .     SustAt   .     s - -2 buckler (curse)
rPois  .         Gourm    .     (no helmet)
rElec  .         Spirit   +     (no cloak)
rCorr  .         Warding  .     (no gloves)
rMut   .         Stasis   .     (no boots)
MR     .....                    (no amulet)
Stlth  +.........               (no ring)
                                (no ring)

@: not resistant to hostile enchantments, very unstealthy
A: magic shield
a: Depart the Abyss, Renounce Religion


You were on level 3 of the Dungeon.
You worshipped Lugonu.
Lugonu was aware of your devotion.
You were not hungry.

You visited 1 branch of the dungeon, and saw 3 of its levels.
You visited the Abyss 1 time.

You collected 152 gold pieces.

Inventory:

Hand weapons
 a - a +1 hand axe (weapon)
Missiles
 m - 6 tomahawks (quivered)
Armour
 b - a +0 leather armour (worn)
 s - a cursed -2 buckler (worn)
Scrolls
 d - 2 scrolls of teleportation {unknown}
 e - 2 scrolls of amnesia {unknown}
 g - a scroll of remove curse {unknown}
 h - a scroll of fear {unknown}
 l - 3 scrolls of identify {unknown}
 o - a scroll of magic mapping {unknown}
Potions
 q - a potion of agility {unknown}
 r - a potion of magic {unknown}
Comestibles
 k - 2 meat rations


   Skills:
 + Level 3.7 Fighting
 + Level 2.0 Axes
 + Level 0.8 Throwing
 + Level 2.4 Armour
 + Level 2.1 Dodging
 + Level 2.7 Invocations


You had 3 spell levels left.
You didn't know any spells.

Dungeon Overview and Level Annotations

Branches:
Dungeon (3/15)

Altars:


Innate Abilities, Weirdness & Mutations

When hurt, damage is shared between your health and your magic reserves.


Message History

The orc completely misses you.
You hit the orc.
The orc is almost dead.
The orc closely misses you.
The orc warrior hits you from afar with a glaive!
You completely miss the orc.
The orc is almost dead.
The orc hits you with a dagger of protection.
The orc warrior closely misses you.
You hit the orc.
You kill the orc!
Lugonu accepts your kill.
The orc warrior hits you from afar with a glaive!
You barely miss the orc. The orc hits you with a whip.
* * * LOW HITPOINT WARNING * * *
You hit the orc.
The orc is severely wounded.
The orc warrior hits you from afar with a glaive!!
Ouch! That really hurt!
You die...

......... .. .........
... #...####.... #
#..>.......### ##.
#.########....##..
#.##### #..# ...#
......###.# .o#
#####.....## #o# ###
####...# #@###
..#####..#.## ##...#
#..##...##..###..#..#
##.)..#####.....###....
###..# #....## ###..
####..#####....... .
...............####
###.####....#... ###.#
#..######.#


You could see an orc warrior and an orc.

Vanquished Creatures
  4 adders (D:3)
  2 worms
  2 giant geckos
  An orc (D:3)
  2 ball pythons (D:3)
  6 bats
  3 giant cockroaches
  10 goblins
  6 hobgoblins
  4 kobolds
  2 quokkas
  A giant newt (D:1)
  2 rats
45 creatures vanquished.

Notes
Turn   | Place    | Note
--------------------------------------------------------------
     0 | Abyss:1  | Gargoyl the Demonspawn Abyssal Knight began the quest for the Orb.
     0 | Abyss:1  | Reached XP level 1. HP: 18/18 MP: 2/2
   106 | Abyss:1  | Noticed a large abomination
   124 | Abyss:1  | Noticed a fire giant skeleton
   127 | D:1      | Escaped the Abyss
   145 | D:1      | Reached skill level 1 in Dodging
   261 | D:1      | Acquired Lugonu's first power
   537 | D:1      | Gained mutation: When hurt, damage is shared between your health and your magic reserves. [demonic ancestry]
   537 | D:1      | Reached XP level 2. HP: 24/24 MP: 4/4
  1751 | D:2      | Reached XP level 3. HP: 29/29 MP: 5/5
  2143 | D:2      | Found a faded altar to an unknown god.
  3133 | D:3      | Reached XP level 4. HP: 13/36 MP: 3/6
  3759 | D:3      | Noticed an orc warrior
  3768 | D:3      | Mangled by an orc warrior

Vault maps used:
D:1:      lightli_arrival_lavapool
D:2:      ecumenical_altar_1, amethyst_killhole

Action                   |  1- 3 |  4- 6 || total
-------------------------+-------+-------++-------
Melee: Hand axe          |   131 |    49 ||   180
Throw: Tomahawk          |    27 |     1 ||    28
Invok: Depart the Abyss  |     1 |       ||     1
  Use: Potion            |     4 |       ||     4
  Eat: Chunk             |     5 |     1 ||     6
       Fruit             |     2 |       ||     2
       Bread ration      |       |     1 ||     1
